 Dungeon Crawl Stone Soup version 0.29.1-12-g30fa7ad0bf (webtiles) character file.

Game seed: 973698988811425297

23924 Powssss the Protected (level 12, -1/115 HPs)
             Began as a Minotaur Fighter on Jan 11, 2023.
             Was the Champion of Okawaru.
             Slain by a merfolk
             ... wielding a +0 trident
              (18 damage)
             ... on level 1 of the Shoals.
             The game lasted 02:23:12 (17211 turns).

Powssss the Protected (Minotaur Fighter)           Turns: 17211, Time: 02:23:13

Health: -1/115     AC: 24    Str: 31    XL:     12   Next: 76%
Magic:  16/16      EV:  9    Int: 11    God:    Okawaru [******]
Gold:   637        SH: 11    Dex: 12    Spells: 11/11 levels left

rFire   + . .      SeeInvis .   a - +10 double sword of the Thing {vorpal, Str+4}
rCold   . . .      Faith    .   c - +1 buckler
rNeg    + + .      Spirit   .   o - +8 chain mail of Awai {rF+ Str+3}
rPois   +          Reflect  +   z - +0 hat "Joer" {rN+}
rElec   .          Harm     .   (no cloak)
rCorr   .          Rampage  .   j - +0 pair of gloves
Will    +....                   f - +0 pair of boots
Stlth   ..........              O - amulet "Ukhodgh" {Reflect rPois rN+ SH+5}
HPRegen 0.29/turn               k - ring of willpower
MPRegen 0.15/turn               C - +6 ring of intelligence

@: very slow
A: horns 2, retaliatory headbutt
a: Renounce Religion, Heroism, Finesse, Duel


You were on level 1 of the Shoals.
You worshipped Okawaru.
Okawaru was exalted by your worship.
You visited 4 branches of the dungeon, and saw 15 of its levels.
You visited the Abyss 1 time.

You collected 680 gold pieces.
You spent 43 gold pieces at shops.

Inventory:

Hand Weapons
 a - the +10 double sword of the Thing (weapon) {vorpal, Str+4}
   (Okawaru gifted it to you on level 11 of the Dungeon)

   It inflicts extra damage upon your enemies.
   Str:       It affects your strength (+4).
Missiles
 b - 38 poisoned darts
 y - 6 javelins
 F - a silver javelin
 L - 9 atropa-tipped darts
 M - 5 datura-tipped darts
 Q - 3 throwing nets
Armour
 c - a +1 buckler (worn)
 f - a +0 pair of boots (worn)
 j - a +0 pair of gloves (worn)
 o - the +8 chain mail of Awai (worn) {rF+ Str+3}
   (You found it on level 2 of the Dungeon)

   Str:       It affects your strength (+3).
   rF:        It protects you from fire.
 z - the +0 hat "Joer" (worn) {rN+}
   (Okawaru gifted it to you on level 11 of the Dungeon)

   rN:        It protects you from negative energy.
Jewellery
 k - a ring of willpower (left hand)
 C - a +6 ring of intelligence (right hand)
 H - a ring of fire
 O - the amulet "Ukhodgh" (around neck) {Reflect rPois rN+ SH+5}
   (You acquired it on level 11 of the Dungeon)

   [amulet of reflection]

   It reflects blocked missile attacks.
   rPois:     It protects you from poison.
   rN:        It protects you from negative energy.
   SH:        It affects your SH (+5).
Wands
 q - a wand of roots (29)
 G - a wand of flame (12) (quivered)
 K - a wand of paralysis (4)
Scrolls
 e - 4 scrolls of teleportation
 p - 3 scrolls of poison
 r - 8 scrolls of identify
 t - 2 scrolls of enchant weapon
 u - a scroll of silence
 w - a scroll of summoning {unknown}
 x - 3 scrolls of immolation
 A - a scroll of magic mapping
Potions
 d - 2 potions of might
 g - a potion of resistance
 h - 6 potions of mutation
 i - 4 potions of lignification
 l - 2 potions of haste
 m - 4 potions of flight
 n - 8 potions of curing
 s - 2 potions of attraction
 v - 2 potions of heal wounds
 D - a potion of cancellation {unknown}
 E - a potion of brilliance


   Skills:
 + Level 13.1 Fighting
 + Level 12.9 Long Blades
 - Level 3.0 Maces & Flails
 - Level 7.3 Throwing
 + Level 13.2 Armour
 - Level 6.3 Shields
 + Level 7.4 Invocations


You had 11 spell levels left.
You didn't know any spells.
Your spell library contained the following spells:

 Spells                   Type           Power      Damage    Failure   Level
 Sandblast                Erth           0%         2d4       83%         1
 Blink                    Tloc           0%         N/A       92%         2
 Passwall                 Tmut/Erth      0%         N/A       92%         2
 Poisonous Vapours        Pois/Air       0%         N/A       92%         2
 Conjure Flame            Conj/Fire      0%         6-21      99%         3
 Dazzling Flash           Conj/Hex       0%         N/A       99%         3
 Frozen Ramparts          Ice            0%         1d1       99%         3
 Lesser Beckoning         Tloc           0%         N/A       99%         3
 Stone Arrow              Conj/Erth      0%         3d7       99%         3
 Corpse Rot               Necr/Pois/Air  0%         N/A       100%        4
 Ice Form                 Ice/Tmut       0%         N/A       100%        4
 Iskenderun's Mystic Bla  Conj/Tloc      0%         2d3       100%        4
 Leda's Liquefaction      Hex/Erth       0%         N/A       100%        4
 Passage of Golubria      Tloc           0%         N/A       100%        4
 Agony                    Necr           0%         N/A       100%        5
 Alistair's Intoxication  Tmut/Pois      0%         N/A       100%        5
 Borgnjor's Vile Clutch   Necr/Erth      0%         N/A       100%        5
 Fireball                 Conj/Fire      0%         3d3       100%        5
 Manifold Assault         Tloc           0%         N/A       100%        5
 Silence                  Hex/Air        0%         N/A       100%        5
 Eringya's Noxious Bog    Tmut/Pois      0%         N/A       100%        6
 Starburst                Conj/Fire      0%         6d3       100%        6
 Statue Form              Tmut/Erth      0%         N/A       100%        6
 Borgnjor's Revivificati  Necr           0%         N/A       100%        8
 Ignition                 Fire           0%         3d3       100%        8
 Lehudib's Crystal Spear  Conj/Erth      0%         10d2      100%        8
 Maxwell's Capacitive Co  Air            0%         ∞         100%        8
 Necromutation            Tmut/Necr      0%         N/A       100%        8
 Death's Door             Necr           0%         N/A       100%        9
 Animate Dead             Necr           Unusable   N/A       N/A         4
 Summon Ice Beast         Ice/Summ       Unusable   N/A       N/A         4
 Summon Lightning Spire   Summ/Air       Unusable   N/A       N/A         4
 Death Channel            Necr           Unusable   N/A       N/A         6
 Spellforged Servitor     Conj/Summ      Unusable   N/A       N/A         7

Dungeon Overview and Level Annotations

Branches:
Dungeon (11/15)            Temple (1/1) D:5            Lair (2/5) D:11
 Shoals (1/4) Lair:2
  Snake: Lair:2-3    Spider: Lair:2-3       Orc: D:9-12

Altars:
Ashenzari
Cheibriados
Dithmenos
Elyvilon
Fedhas
Gozag
Hepliaklqana
Kikubaaqudgha
Makhleb
Nemelex Xobeh
Okawaru
Qazlal
Ru
Sif Muna
Trog
Uskayaw
Vehumet
Wu Jian
Xom
Yredelemnul
Zin
The Shining One

Shops:
D:10 [*[

Annotations:
D:5 1 transporter
D:7 2 transporters, Grum; SirLogeyBear's ghost, novice HOBe


Innate Abilities, Weirdness & Mutations

You have a pair of horns on your head.
You reflexively headbutt those who attack you in melee.


Message History

A sea snake comes into view.
You struggle against the net.
The sea snake hisses angrily.
You struggle against the net.
The merfolk hits you but does no damage.
You shred the net and break free!
The sea snake bites you but does no damage.
The merfolk barely misses you. You block the merfolk's attack.
The sea snake completely misses you. You furiously retaliate!
You headbutt the sea snake!!
Your unstable footing causes you to fumble your attack.
You block the merfolk's attack. The merfolk closely misses you.
You block the sea snake's attack.
You slash the sea snake! Your headbutt misses the sea snake.
The sea snake is heavily wounded.
You block the merfolk's attack. You block the sea snake's attack.
You barely miss the sea snake.
The sea snake is heavily wounded.
The merfolk hits you from afar with a +0 trident.
* * * LOW HITPOINT WARNING * * *
You block the sea snake's attack. The merfolk misses you.
You closely miss the sea snake. You headbutt the sea snake!
The sea snake is severely wounded.
You block the merfolk's attack. You block the sea snake's attack.
You slash the sea snake! You headbutt the sea snake!
You kill the sea snake!
Okawaru is honoured by your kill. The merfolk closely misses you.
The merfolk hits you from afar with a +0 trident.
* * * LOW HITPOINT WARNING * * *
You block the merfolk's attack. The merfolk hits you with a +0 trident.
* * * LOW HITPOINT WARNING * * *
The merfolk barely misses you. You furiously retaliate!
You headbutt the merfolk, but do no damage.
The merfolk misses you.
You see here a sea snake corpse.
Your unstable footing causes you to fumble your attack.
You block the merfolk's attack.
The merfolk hits you with a +0 trident!!
You die...

...~~≈~~~~~~~~≈≈≈
..~~≈≈~~~~~~~≈~~≈≈
~.~≈≈≈≈≈~~~~~~~~~≈
≈~~≈≈≈≈≈≈~~~~~~~≈≈
≈≈~~≈≈≈≈≈≈~~~≈≈≈≈≈
≈≈≈~~≈≈≈≈≈≈≈≈≈#≈≈≈
~~~~~~~~~~~≈≈≈≈#≈≈
~.~~~~m@†~~~≈≈≈≈≈≈
...~~~m~≈~~~≈≈≈≈≈≈
....?~~.~≈≈~≈≈~~~≈
#.......~≈≈≈≈≈~~~≈
###..###~~~~~~~~≈≈
#.. ##.~~~~~~≈≈ #.
#.~~~~~~≈≈ #.
..~~~~~~≈≈
..~~~~~~≈≈


You could see 2 merfolk.

Vanquished Creatures
  Harold (D:11)
  4 two-headed ogres
  A sea snake (Shoals:1)
  2 wizards (D:10)
  A manticore (Shoals:1)
  A water nymph (Shoals:1)
  2 merfolk sirens (Lair:2)
  A gargoyle (D:11)
  6 cane toads
  Maggie (D:9)
  A komodo dragon (Lair:2)
  A merfolk (Lair:2)
  A troll (D:9)
  A polar bear (Lair:1)
  9 blink frogs (Lair:2)
  3 slime creatures (D:11)
  Sigmund (D:5)
  41 yaks
  2 wyverns
  A vampire mosquito (D:10)
  5 steam dragons
  Edmund (D:6)
  A water moccasin (Lair:1)
  Duvessa (D:6)
  An ice beast (D:6)
  A sky beast (D:7)
  A hornet zombie (D:6)
  An orc warrior (D:7)
  2 black bears
  An ogre (D:6)
  11 centaurs
  15 wolves
  2 phantoms (D:6)
  8 bullfrogs
  2 kobold brigands
  2 gnoll sergeants
  5 necrophages
  7 wights
  6 scorpions
  A water moccasin skeleton (D:6)
  Dowan (D:6)
  A centaur zombie (D:6)
  3 bullfrog zombies (D:6)
  A hound (D:5)
  A centaur skeleton (D:6)
  2 orc priests
  3 iguanas
  2 orc wizards
  2 howler monkey zombies (D:6)
  13 gnolls
  11 adders
  A shadow imp (D:8)
  2 worms (D:3)
  15 orcs
  9 bats
  8 endoplasms
  3 giant cockroaches
  14 goblins
  7 hobgoblins
  6 jackals
  3 quokkas
  3 ball pythons (D:1)
  7 frilled lizards
  18 kobolds
  3 rats
294 creatures vanquished.

Vanquished Creatures (others)
  4 fungi
  19 plants
  5 withered plants (D:6)
28 creatures vanquished.

Grand Total: 322 creatures vanquished

Notes
Turn   | Place    | Note
-------+----------+-------------------------------------------
     0 | D:1      | Powssss the Minotaur Fighter began the quest for the Orb.
     0 | D:1      | Reached XP level 1. HP: 19/19 MP: 0/0
   315 | D:1      | Reached XP level 2. HP: 27/27 MP: 1/1
   942 | D:2      | Found a faded altar of an unknown god.
   949 | D:2      | Reached XP level 3. HP: 24/33 MP: 2/2
  1379 | D:2      | Found a radiant altar of Vehumet.
  1383 | D:2      | Identified the +3 dagger of Eschoe {flame, Will- rCorr
                  | Int+4}
  1432 | D:2      | Reached XP level 4. HP: 41/41 MP: 3/3
  1657 | D:2      | Identified the +8 chain mail of Awai {rF+ Str+3}
  2387 | D:3      | Reached skill level 1 in Throwing
  2396 | D:3      | Reached XP level 5. HP: 37/47 MP: 4/4
  3304 | D:4      | Reached skill level 5 in Shields
  3384 | D:4      | Reached skill level 5 in Armour
  3408 | D:4      | Reached XP level 6. HP: 55/55 MP: 5/5
  3660 | D:5      | Entered Level 5 of the Dungeon
  3720 | D:5      | Reached skill level 5 in Fighting
  3816 | D:5      | Reached XP level 7. HP: 49/61 MP: 6/6
  3857 | D:5      | Reached skill level 5 in Long Blades
  3966 | D:5      | Found a staircase to the Ecumenical Temple.
  3985 | Temple   | Entered the Ecumenical Temple
  4235 | Temple   | Became a worshipper of Warmaster Okawaru
  4312 | D:5      | HP: 3/62 [poisoned by a gnoll sergeant]
  4315 | D:5      | HP: 1/62 [poisoned by a gnoll sergeant]
  4722 | D:5      | Noticed Sigmund
  4738 | D:5      | Killed Sigmund
  4954 | D:5      | Found a sparkling altar of Nemelex Xobeh.
  4954 | D:5      | Found a transporter.
  5563 | D:6      | Reached * piety under Okawaru
  5564 | D:6      | Reached XP level 8. HP: 43/71 MP: 7/7
  5589 | D:6      | Noticed Edmund
  5799 | D:6      | Killed Edmund
  6068 | D:6      | Noticed Dowan
  6109 | D:6      | Killed Dowan
  6427 | D:6      | Reached ** piety under Okawaru
  6450 | D:6      | Noticed Duvessa
  6466 | D:6      | Killed Duvessa
  6773 | D:6      | Reached skill level 5 in Throwing
  6996 | D:6      | Reached XP level 9. HP: 75/80 MP: 8/8
  7045 | D:6      | Reached skill level 1 in Maces & Flails
  7289 | D:7      | Reached *** piety under Okawaru
  7551 | D:7      | Received a gift from Okawaru
  7721 | D:7      | Found a transporter.
  7732 | D:7      | Found a transporter.
  7735 | D:7      | Noticed SirLogeyBear's ghost (novice HOBe)
  7735 | D:7      | Noticed Grum
  7898 | D:7      | Identified the +5 kite shield of Mouhusm {rF+ Int+7 Dex-2
                  | Stlth-}
  7898 | D:7      | Identified the ring of the Heavens {Wiz Int+9 Dex+2}
  8147 | D:8      | Found a transporter.
  8183 | D:8      | Found a transporter.
  8192 | D:8      | Found a transporter.
  8475 | D:8      | Received a gift from Okawaru
  9208 | D:8      | Found a transporter.
  9325 | D:9      | Noticed Maggie
  9340 | D:9      | Killed Maggie
  9341 | D:9      | Reached XP level 10. HP: 84/91 MP: 6/9
  9827 | D:9      | Reached **** piety under Okawaru
  9922 | D:9      | Reached skill level 10 in Armour
  9927 | D:9      | Reached skill level 10 in Fighting
 10039 | D:9      | Reached skill level 1 in Invocations
 10052 | D:9      | Reached skill level 10 in Long Blades
 10723 | D:10     | Entered Level 10 of the Dungeon
 10739 | D:10     | Found Icvenur's Armour Emporium.
 10748 | D:10     | Noticed a two-headed ogre
 10763 | D:10     | Killed a two-headed ogre
 10763 | D:10     | Reached ***** piety under Okawaru
 10772 | D:10     | Identified the +0 ring mail of Insatiable Hunger {rF+ Will+
                  | Str+2 Int-4 Dex-3}
 10838 | D:10     | Found Jymy's Antique Armour Emporium.
 10902 | D:10     | Found Ypanar's General Store.
 10913 | D:10     | Bought 6 atropa-tipped darts for 43 gold pieces
 10920 | D:10     | Noticed a deep elf pyromancer
 10920 | D:10     | Noticed a wizard
 10924 | Abyss:2  | Found a corrupted altar of Lugonu.
 10924 | Abyss:2  | Cast into level 2 of the Abyss (a wizard)
 10972 | D:10     | Escaped the Abyss
 10979 | D:10     | Killed a wizard
 10993 | D:10     | Got the Parchment of Plaster Cramp
 11004 | D:10     | Got the Handbook of Combed Thunderclap
 11066 | D:10     | Noticed a wizard
 11067 | D:10     | Noticed a wizard
 11067 | D:10     | Noticed Harold
 11090 | D:10     | Killed a wizard
 11090 | D:10     | Received a gift from Okawaru
 11113 | D:10     | Got the Papyrus of Sand
 11237 | D:10     | Reached XP level 11. HP: 88/101 MP: 12/12
 11240 | D:10     | Noticed a two-headed ogre
 11659 | D:11     | Identified the +10 double sword of the Thing {vorpal,
                  | Str+4} (Okawaru gifted it to you on level 11 of the
                  | Dungeon)
 11659 | D:11     | Received a gift from Okawaru
 11694 | D:10     | Found the +3 woodcutter's axe {vorpal}
 12944 | D:11     | Killed Harold
 13423 | D:11     | Noticed a two-headed ogre
 13436 | D:11     | Killed a two-headed ogre
 13436 | D:11     | Received a gift from Okawaru
 13477 | D:11     | Noticed a two-headed ogre
 13492 | D:11     | Killed a two-headed ogre
 13764 | D:11     | Received a gift from Okawaru
 13838 | D:11     | Found a staircase to the Lair.
 14035 | D:11     | Identified the +0 hat "Joer" {rN+} (Okawaru gifted it to
                  | you on level 11 of the Dungeon)
 14035 | D:11     | Received a gift from Okawaru
 14149 | D:11     | Noticed a two-headed ogre
 14156 | D:11     | Killed a two-headed ogre
 14157 | D:11     | Reached skill level 5 in Invocations
 14708 | D:11     | Identified a scroll of acquirement
 14708 | D:11     | Acquired the amulet "Ukhodgh" {Reflect rPois rN+ SH+5}
 14858 | Lair:1   | Entered Level 1 of the Lair of Beasts
 15078 | Lair:1   | Reached XP level 12. HP: 94/112 MP: 15/15
 16353 | Lair:2   | Found a staircase to the Shoals.
 16604 | Lair:2   | Received a gift from Okawaru
 16611 | Lair:2   | Reached ****** piety under Okawaru
 17177 | Shoals:1 | Entered Level 1 of the Shoals
 17179 | Shoals:1 | Noticed a merfolk avatar
 17185 | Shoals:1 | Identified the +2 buckler "Plog" {Regen+ Str+4 Dex-3}
                  | (Okawaru gifted it to you on level 1 of the Shoals)
 17185 | Shoals:1 | Received a gift from Okawaru
 17211 | Shoals:1 | Slain by a merfolk

Illustrated notes

Levels and vault maps discovered:
D:1:      shiori_shiawase, layout_basic
D:2:      layout_loops_ring, serial_aquarium, aquarium_bridge_square
          [aquarium_subvault_bridge, aquarium_subvault_window,
          aquarium_subvault_wall, aquarium_subvault_bridge],
          aquarium_bridge_square [aquarium_subvault_bridge,
          aquarium_subvault_bridge, aquarium_subvault_window,
          aquarium_subvault_bridge], aquarium_window_corner, aquarium_window_1,
          aquarium_window_corner, aquarium_view_2d, aquarium_view_2a,
          basic_altar, nicolae_ecumenical_pavilion
D:3:      layout_basic, serial_curves, eino_curves_04, eino_curves_04,
          minmay_pentangle
D:4:      layout_cave_pools
D:5:      minmay_spotlight, layout_gridville, grunt_nemelex_the_gamble,
          minmay_temple_entry_gardened_gates, minmay_misc_feat_roman,
          kennysheep_generic_room_11, uniq_sigmund
D:6:      layout_rooms, serial_undead, serial_undead_a, serial_undead_e,
          serial_undead_b, serial_undead_f, uniq_duvessa, uniq_edmund
D:7:      layout_basic, gammafunk_ghost_gnarly_gnolls
D:8:      layout_loops_ring, minmay_stone_trees_small,
          nicolae_transporter_intersection
D:9:      layout_basic, enter_bailey_4, minmay_quadrilaterals, uniq_maggie
D:10:     layout_gridville, serial_shops, nicolae_shop_trees,
          nicolae_shop_trees, nicolae_shop_behind_doors,
          bh_hangedman_babel_library, uniq_harold
D:11:     layout_irregular_city, lair_entry_dummy, grunt_ogre_cave
Temple:   roderic_octagonal_lattice_temple
Lair:1:   layout_small_grid, serial_bayou_pond_b, grunt_megastairs_1
Lair:2:   layout_hall_layers, elwin_shoals_entry_rooms, minivault_27,
          beast_lair_carwin_11, lemuel_fruit_tree
Shoals:1: layout_shoals, portal_ice_cave_entry_ice_simulacra

Skill      XL: |  1  2  3  4  5  6  7  8  9 10 11 12 |
---------------+-------------------------------------+-----
Fighting       | 4 5 6 7 9 10 11 13 | 13.1
Armour         | 4 5 6 7 9 10 12 13 | 13.2
Shields        | 4 5 6 |  6.3
Long Blades    | 3 4 6 7 9 10 11 12 | 12.9
Throwing       | 1 2 3 5 6 7 |  7.3
Maces & Flails | 3 |  3.0
Invocations    | 3 5 7 |  7.4

Action                   |  1- 3 |  4- 6 |  7- 9 | 10-12 || total
-------------------------+-------+-------+-------+-------++-------
Melee: Long sword        |    81 |   116 |   269 |   166 ||   632
       Headbutt          |     5 |    24 |    70 |   117 ||   216
       Flail             |       |       |    71 |       ||    71
       Double sword      |       |       |       |   320 ||   320
Throw: Dart              |       |       |     8 |     2 ||    10
       Javelin           |       |       |     1 |       ||     1
Invok: Heroism           |       |       |     1 |     1 ||     2
Evoke: Wand              |       |       |     1 |     1 ||     2
  Use: Scroll            |     4 |     4 |     8 |    10 ||    26
       Potion            |       |       |     2 |     3 ||     5
Armor: Scale mail        |    15 |       |       |       ||    15
       Chain mail        |    43 |    77 |   263 |   313 ||   696
Dodge: Dodged            |    35 |    37 |   112 |   185 ||   369
Block: Buckler           |    26 |    34 |    79 |   208 ||   347
